AoeStats
← flynorc

Four Lakes

507139740Analyzed
1v1 RM · 16d ago on Sep 16, 2026· 43m 41s· 2 players
Game mode
Random Map
Map size
Tiny (2 player)
Population
200
Speed
Normal
Resources
Standard
Victory
Conquest
Starting age
Dark Age
Ending age
Imperial Age
RankedLock teamsTeams togetherTeam positionsShared explorationLock speedFull tech treeHidden civsTurbo modeCheats
Victory
Defeat
🇵🇪 Vietnamese · Peru
1540
+17
🇦🇹 Italians · Austria
1566
-17
BOT jose
9:00 Feudal Age
9:31 Double-Bit Axe
10:01 Loom
14:56 Wheelbarrow
19:16 Castle Age
18:00 Gold Mining
18:12 Horse Collar
19:18 Stone Mining
20:18 Bow Saw
24:08 Scale Barding Armor
25:11 Heavy Plow
25:48 Fletching
26:53 Bodkin Arrow
27:46 Hand Cart
27:53 Padded Archer Armor
28:20 Fishing Lines
31:24 Imperial Age
31:04 Ballistics
31:07 Leather Archer Armor
32:15 Bracer
33:18 Chemistry
32:08 Town Watch
33:24 Ring Archer Armor
33:04 Thumb Ring
33:58 Siege Engineers
34:15 Capped Ram
34:54 Capped Ram
36:55 Two-Man Saw
37:27 Scale Mail Armor
36:51 Pikeman
38:41 Chain Mail Armor
39:09 Forging
40:55 Iron Casting
40:36 Squires
44:26 Plate Mail Armor
44:29 Paper Money
43:40 Halberdier
flynorc
7:32 Loom
10:26 Feudal Age
11:11 Double-Bit Axe
14:24 Fishing Lines
19:31 Castle Age
20:39 Bow Saw
22:34 Wheelbarrow
22:43 Medium Warships
22:31 Fletching
23:05 Gillnets
23:22 Bodkin Arrow
24:31 Horse Collar
29:41 Imperial Age
28:19 Forging
29:06 Bloodlines
29:24 Hand Cart
29:11 Heavy Plow
29:10 Light Cavalry
31:00 Ballistics
30:55 Husbandry
31:10 Scale Barding Armor
32:11 Chain Barding Armor
35:04 Chemistry
34:15 Masonry
34:20 Bracer
36:10 Hussar
37:28 Conscription
37:52 Padded Archer Armor
38:31 Plate Barding Armor
39:23 Cavalier
40:40 Iron Casting
43:03 Blast Furnace
42:13 Padded Archer Armor
42:45 Architecture
43:17 Two-Man Saw
Connection lost

Rejoining the realm…

Still unreachable

The connection could not be restored.

Session expired

The server has moved on; the page needs a fresh start.